 Dungeon Crawl Stone Soup version 0.21-a0-578-gc6e9d75 (webtiles) character file.

65 slep the Chopper (level 3, -6/28 HPs)
             Began as a Demonspawn Gladiator on Dec 19, 2017.
             Mangled by a gnoll (7 damage)
             ... on level 2 of the Dungeon.
             The game lasted 00:03:21 (595 turns).

slep the Chopper (Demonspawn Gladiator)              Turns: 595, Time: 00:03:22

Health: -6/28      AC:  4    Str: 14    XL:     3   Next: 92%
Magic:  3/3        EV: 13    Int:  9    God:
Gold:   72         SH:  0    Dex: 15    Spells: 2/2 levels left

rFire    . . .     SeeInvis .   a - +0 war axe
rCold    + . .     Gourm    .   (no shield)
rNeg     . . .     Faith    .   b - +0 leather armour
rPois    .         Spirit   .   c - +0 helmet
rElec    .         Reflect  .   (no cloak)
rCorr    .         Harm     .   (no gloves)
MR       .....                  (no boots)
Stlth    +.........             m - amulet of rage
HPRegen  0.09/turn              (no ring)
MPRegen  0.08/turn              (no ring)

@: no status effects
A: cold resistance 1
a: Evoke Berserk Rage


You were on level 2 of the Dungeon.
You were not hungry.

You visited 1 branch of the dungeon, and saw 2 of its levels.

You collected 72 gold pieces.

Inventory:

Hand Weapons
 a - a +0 war axe (weapon)
Missiles
 d - 3 throwing nets (quivered)
Armour
 b - a +0 leather armour (worn)
 c - a +0 helmet (worn)
Jewellery
 m - an amulet of rage (around neck)
Scrolls
 g - 2 scrolls of identify {unknown}
 h - a scroll of fog {unknown}
 i - a scroll of remove curse {unknown}
 k - a scroll of enchant armour {unknown}
 l - a scroll of magic mapping {unknown}
Potions
 e - a potion of brilliance {unknown}
 n - a potion of berserk rage {unknown}
 o - 2 potions of invisibility {unknown}
 p - a potion of lignification {unknown}
Comestibles
 f - 2 rations
 j - 4 chunks of flesh


   Skills:
 + Level 2.3 Fighting
 + Level 3.6 Axes
 + Level 1.8 Throwing
 + Level 0.4 Armour
 + Level 3.2 Dodging


You had 2 spell levels left.
You didn't know any spells.

Dungeon Overview and Level Annotations

Branches:
Dungeon (2/15)

Altars:


Innate Abilities, Weirdness & Mutations

Your flesh is cold resistant. (rC+)


Message History

* * * LOW HITPOINT WARNING * * *
You slash the gnoll!
You kill the gnoll!
Things that are here:
a club; a gnoll corpse You butcher the gnoll corpse.
j - 4 chunks of flesh (gained 2)
Things that are here:
a club; a gnoll skeleton A gnoll comes into view.
Things that are here:
a whip; a gnoll corpse
Things that are here:
a club; a gnoll skeleton The gnoll shouts!
The gnoll hits you.
* * * LOW HITPOINT WARNING * * *
You barely miss the gnoll. The gnoll barely misses you.
You closely miss the gnoll. The gnoll hits you!
You die...

########..........#
#..........#
#..........# .
+......).### ..
#...####.## .#
#...# #).###..#
.....# ##)#....#
.....# ##...#.##
#.@.....# #.g..#..#
#.#.## .# #. .. ..
## ..# # #.# .. #..


You could see a gnoll.

Vanquished Creatures
  2 gnolls (D:2)
  3 dart slugs (D:1)
  3 leopard geckos
  3 giant cockroaches
  3 goblins
  6 hobgoblins
  2 jackals (D:1)
  A quokka (D:2)
  A ball python (D:2)
  4 bats (D:1)
  2 frilled lizards
  4 kobolds
  3 rats (D:1)
37 creatures vanquished.

Notes
Turn   | Place    | Note
-------+----------+-------------------------------------------
     0 | D:1      | slep the Demonspawn Gladiator began the quest for the Orb.
     0 | D:1      | Reached XP level 1. HP: 16/16 MP: 1/1
    31 | D:1      | Gained mutation: Your flesh is cold resistant. (rC+) [demonic ancestry]
    31 | D:1      | Reached XP level 2. HP: 18/22 MP: 2/2
   215 | D:1      | Reached XP level 3. HP: 12/27 MP: 3/3
   593 | D:2      | HP: 1/28 [gnoll (4)]
   595 | D:2      | Mangled by a gnoll

Vault maps used:
D:1:      minmay_arrival_shattered_statue
D:2:      lemuel_crystal_altar, minmay_tree_intersection

Skill      XL: |  1  2 |
---------------+-------+-----
Dodging        | 3 |  3.2
Axes           | 3 |  3.6
Fighting       | |  2.3
Throwing       | |  1.8
Armour         | |  0.4

Action                   || total
-------------------------++-------
Melee: War axe           ||   104
Armor: Leather armour    ||    39
Dodge: Dodged            ||    78

Table legend:
 A = Spawn XP
 B = Non-spawn XP
 C = Spawn XP percentage of total XP
 D = Spawn monster count
 E = Non-spawn monster count
 F = Spawn count percentage of total count
 G = Total turns spent on level
                    A         B        C        D         E        F      G
               +---------+---------+-------+---------+---------+-------+---------
         Total |       0 |      93 |   0.0 |       0 |      37 |   0.0 |   595
               +---------+---------+-------+---------+---------+-------+---------
           D:1 |       0 |      52 |   0.0 |       0 |      27 |   0.0 |   457
           D:2 |       0 |      41 |   0.0 |       0 |      10 |   0.0 |   138
               +---------+---------+-------+---------+---------+-------+---------
